 Dungeon Crawl Stone Soup version 0.29.1-2-gbd0b4ee654 (webtiles) character file.

Game seed: 10199868739144142552

102 GorkyZ the Trooper (level 4, -3/35 HPs)
             Began as a Demonspawn Fighter on Nov 22, 2022.
             Asphyxiated
             ... on level 3 of the Dungeon.
             The game lasted 00:05:00 (1727 turns).

GorkyZ the Trooper (Demonspawn Fighter)             Turns: 1727, Time: 00:05:00

Health: -3/35      AC: 12    Str: 18    XL:     4   Next: 49%
Magic:  4/4        EV:  7    Int: 10    God:
Gold:   132        SH:  4    Dex: 12    Spells: 3/3 levels left

rFire   . . .      SeeInvis .   a - +0 war axe
rCold   . . .      Faith    .   c - +0 buckler
rNeg    . . .      Spirit   .   o - +0 chain mail
rPois   .          Reflect  .   k - +0 helmet
rElec   .          Harm     .   f - scarf {repulsion}
rCorr   .          Rampage  .   (no gloves)
Will    .....                   (no boots)
Stlth   ..........              u - amulet of regeneration
HPRegen 0.91/turn               q - ring of flight
MPRegen 0.09/turn               (no ring)

@: lethally poisoned (-3 -> -5), flying, slowed, repel missiles, very slow
A: slimy green scales 1, ignite blood 1, demonic touch 1
a: no special abilities


You were on level 3 of the Dungeon.
You visited 1 branch of the dungeon, and saw 3 of its levels.

You collected 132 gold pieces.

Inventory:

Hand Weapons
 a - a +0 war axe (weapon)
Armour
 b - a +0 scale mail
 c - a +0 buckler (worn)
 f - a scarf of repulsion (worn)
 k - a +0 helmet (worn)
 o - a +0 chain mail (worn)
Jewellery
 i - an amulet of magic regeneration
 q - a ring of flight (left hand)
 u - an amulet of regeneration (around neck)
Scrolls
 e - a scroll of blinking {unknown}
 l - a scroll of acquirement {unknown}
 m - a scroll of poison {unknown}
 r - a scroll of enchant armour {unknown}
 t - a scroll of teleportation {unknown}
Potions
 d - a potion of might
 g - 5 potions of heal wounds {unknown}
 h - a potion of brilliance {unknown}
 j - a potion of lignification {unknown}
 n - a potion of flight {unknown}
 p - a potion of attraction {unknown}
 s - 2 potions of degeneration {unknown}


   Skills:
 + Level 3.4 Fighting
 + Level 2.3 Axes
 + Level 1.2 Throwing
 + Level 3.0 Armour
 + Level 1.0 Dodging
 + Level 3.0 Shields
 + Level 1.3 Evocations


You had 3 spell levels left.
You didn't know any spells.
Your spell library contained the following spells:

 Spells                   Type           Power      Damage    Failure   Level
 Apportation              Tloc           0%         N/A       100%        1
 Foxfire                  Conj/Fire      0%         2x1d4     100%        1
 Necrotise                Necr           0%         1d4       100%        1
 Summon Small Mammal      Summ           0%         N/A       100%        1
 Conjure Flame            Conj/Fire      0%         6-21      100%        3
 Inner Flame              Hex/Fire       0%         N/A       100%        3
 Flame Wave               Conj/Fire      0%         2d4       100%        4


Dungeon Overview and Level Annotations

Branches:
Dungeon (3/15)

Altars:
Makhleb


Innate Abilities, Weirdness & Mutations

You are partially covered in slimy green scales. (AC +2)
Your demonic aura sometimes causes spilled blood to erupt in flames.
Your touch may inflict minor irresistible damage on your foes.


Message History

You closely miss the kobold brigand. You barely miss the ball python.
The ball python bites you but does no damage.
The ball python constricts you. The kobold brigand barely misses you.
The ball python bites you.
* * * LOW HITPOINT WARNING * * *
The ball python constricts you.
The kobold brigand hits you but does no damage.
You closely miss the kobold brigand. You closely miss the ball python.
The ball python bites you but does no damage.
The ball python constricts you.
* * * LOW HITPOINT WARNING * * *
The kobold brigand hits you but does no damage.
The ball python barely misses you. The ball python constricts you.
You block the kobold brigand's attack.
The ball python bites you but does no damage.
The ball python constricts you.
* * * LOW HITPOINT WARNING * * *
You hit the kobold brigand.
The kobold brigand is lightly wounded.
You hit the ball python.
You kill the ball python!
The kobold brigand hits you with a +0 whip.
* * * LOW HITPOINT WARNING * * *
The kobold brigand hits you but does no damage.
You closely miss the kobold brigand.
The kobold brigand is lightly wounded.
You block the kobold brigand's attack.
The kobold brigand hits you but does no damage.
You hit the kobold brigand.
The kobold brigand is lightly wounded.
The kobold brigand hits you with a +0 whip.
* * * LOW HITPOINT WARNING * * *
The kobold brigand hits you but does no damage.
The kobold brigand hits you with a +0 whip.
* * * LOW HITPOINT WARNING * * *
The kobold brigand throws a curare-tipped dart.
The curare-tipped dart hits you.
You are poisoned.
You have difficulty breathing.
You die...

### #.# #.# #.. #..
#.# #.# #.# #.# #.#
#.# #.#.#####.######.
#####@#..SK..........
#....<# #####K#
#...†K# #.S..##
#.....# #K##.#
#.....###.##.#
#.......#.##..
#..####.S.####. ###
##### .# #


You could see a kobold brigand.

Vanquished Creatures
  Natasha (D:2)
  3 adders (D:2)
  2 dart slugs (D:1)
  4 endoplasms
  4 giant cockroaches
  3 goblins (D:2)
  8 hobgoblins
  A quokka (D:2)
  4 ball pythons
  6 bats
  A frilled lizard (D:1)
  4 kobolds
  5 rats
46 creatures vanquished.

Notes
Turn   | Place    | Note
-------+----------+-------------------------------------------
     0 | D:1      | GorkyZ the Demonspawn Fighter began the quest for the Orb.
     0 | D:1      | Reached XP level 1. HP: 18/18 MP: 1/1
   130 | D:1      | Gained mutation: Your demonic aura sometimes causes spilled
                  | blood to erupt in flames. [demonic ancestry]
   130 | D:1      | Reached XP level 2. HP: 24/24 MP: 2/2
   522 | D:1      | Found a faded altar of an unknown god.
  1100 | D:2      | Gained mutation: You are partially covered in slimy green
                  | scales. (AC +2) [demonic ancestry]
  1100 | D:2      | Reached XP level 3. HP: 28/29 MP: 3/3
  1240 | D:2      | Reached skill level 1 in Evocations
  1413 | D:2      | Found a burning altar of Makhleb.
  1523 | D:2      | Reached skill level 1 in Throwing
  1544 | D:2      | Noticed Natasha
  1548 | D:2      | Killed Natasha
  1549 | D:2      | Reached skill level 1 in Dodging
  1549 | D:2      | Gained mutation: Your touch may inflict minor irresistible
                  | damage on your foes. [demonic ancestry]
  1549 | D:2      | Reached XP level 4. HP: 35/35 MP: 4/4
  1703 | D:3      | Noticed a kobold brigand
  1727 | D:3      | Asphyxiated

Illustrated notes

Levels and vault maps discovered:
D:1:      dpeg_arrival_fog, layout_loops_corners,
          shapermc_ecumenical_altar_mp_highgroup
D:2:      layout_basic, basic_altar, minmay_bisected, uniq_natasha
D:3:      layout_basic, zin_scriptorium, gammafunk_ghost_icy, uniq_sigmund,
          uniq_robin, uniq_grinder

Skill      XL: |  1  2  3 |
---------------+----------+-----
Axes           | 2 |  2.3
Shields        | 3 |  3.0
Evocations     | 1 |  1.3
Armour         | 3 |  3.0
Throwing       | 1 |  1.2
Dodging        | 1 |  1.0
Fighting       | |  3.4

Action                   |  1- 3 |  4- 6 || total
-------------------------+-------+-------++-------
Melee: War axe           |   109 |    13 ||   122
Armor: Scale mail        |    65 |       ||    65
       Chain mail        |    22 |    21 ||    43
Dodge: Dodged            |    47 |     6 ||    53
Block: Buckler           |    27 |     8 ||    35
